 Dungeon Crawl Stone Soup version 0.19.5 (webtiles) character file.

28 McKennaii the Unweaver (level 3, -6/32 HPs)
             Began as a Demonspawn Abyssal Knight on Apr 29, 2017.
             Was a Follower of Lugonu.
             Mangled by a gnoll
             ... wielding a +0 whip
              (8 damage)
             ... on level 1 of the Dungeon.
             The game lasted 00:02:06 (907 turns).

McKennaii the Unweaver (Demonspawn Abyssal Knight)   Turns: 907, Time: 00:02:07

Health: -6/32      AC:  5    Str: 12    XL:     3   Next: 0%
Magic:  6/6        EV: 11    Int: 13    God:    Lugonu [*.....]
Gold:   75         SH:  0    Dex: 13    Spells: 0 memorised, 2 levels left

rFire  + . .     SeeInvis .     a - +1 falchion
rCold  . . .     Gourm    .     b - +0 leather armour
rNeg   . . .     Faith    .     (no shield)
rPois  .         Spirit   .     (no helmet)
rElec  .         Reflect  .     (no cloak)
rCorr  .         Harm     .     (no gloves)
MR     .....                    (no boots)
Stlth  +.........               (no amulet)
                                (no ring)
                                (no ring)

@: no status effects
A: iridescent scales 1, fire resistance 1
a: Depart the Abyss, Renounce Religion


You were on level 1 of the Dungeon.
You worshipped Lugonu.
Lugonu was aware of your devotion.
You were not hungry.

You visited 1 branch of the dungeon, and saw 2 of its levels.
You visited the Abyss 1 time.

You collected 75 gold pieces.

Inventory:

Hand Weapons
 a - a +1 falchion (weapon)
Armour
 b - a +0 leather armour (worn)
Scrolls
 e - 2 scrolls of identify {unknown}
 f - 3 scrolls of teleportation {unknown}
 h - 2 scrolls of noise {unknown}
 i - 2 scrolls of recharging {unknown}
 k - a scroll of amnesia {unknown}
Potions
 d - a potion of heal wounds {unknown}
 j - a potion of degeneration {unknown}
Comestibles
 c - 2 bread rations
 g - a slice of pizza


   Skills:
 + Level 4.9 Fighting
 + Level 3.7 Long Blades
 + Level 3.7 Armour
 + Level 0.8 Dodging
 + Level 5.2 Invocations


You had 2 spell levels left.
You didn't know any spells.

Dungeon Overview and Level Annotations

Branches:
Dungeon (2/15)

Altars:


Innate Abilities, Weirdness & Mutations

You are partially covered in iridescent scales. (AC +2)
Your flesh is heat resistant. (rF+)


Message History

The gnoll hits you with a whip!
The gnoll hits you from afar with a spear.
You hit the gnoll but do no damage.
The gnoll is lightly wounded.
The gnoll hits you with a whip.
The gnoll hits you from afar with a spear.
* * * LOW HITPOINT WARNING * * *
There is a stone staircase leading up here.
The gnoll hits you with a whip.
* * * LOW HITPOINT WARNING * * *
You climb upwards.
There is a stone staircase leading down here.
You barely miss the gnoll.
The gnoll is lightly wounded.
The gnoll hits you with a whip.
* * * LOW HITPOINT WARNING * * *
You hit the gnoll.
The gnoll is lightly wounded.
The gnoll closely misses you. The gnoll hits you with a whip!
You die...

.......#### #..........#...#
..........####..........#...####
...............................##
.............####..######...##...
####...#.....## #.## #........
#......##..###.# ###.#.###
###....##...##.## ###....†...
#.#.........g.####...#......
##.###......@................
##..# #...........######......
#.(## #............######..###
##.#####...............#.......
###..#..............####.........
.......##......#.....#####.......
...........#####........##.......
.......#.#.....).................
..######.####........##..........


You could see a gnoll.

Vanquished Creatures
  2 giant cockroaches (D:2)
  4 goblins
  3 hobgoblins
  2 kobolds (D:2)
  A bat (D:1)
  A frilled lizard (D:2)
  6 rats
19 creatures vanquished.

Notes
Turn   | Place    | Note
-------+----------+-------------------------------------------
     0 | Abyss:1  | McKennaii the Demonspawn Abyssal Knight began the quest for the Orb.
     0 | Abyss:1  | Reached XP level 1. HP: 18/18 MP: 2/2
    40 | Abyss:1  | Noticed a small abomination
    44 | Abyss:1  | Noticed a small abomination
    45 | Abyss:1  | Noticed a deep elf elementalist
    47 | Abyss:1  | Noticed an efreet
    51 | D:1      | Escaped the Abyss
   146 | D:1      | Reached skill level 5 in Invocations
   146 | D:1      | Gained mutation: You are partially covered in iridescent scales. (AC +2) [demonic ancestry]
   146 | D:1      | Reached XP level 2. HP: 26/26 MP: 2/5
   573 | D:2      | Reached * piety under Lugonu
   877 | D:2      | Gained mutation: Your flesh is heat resistant. (rF+) [demonic ancestry]
   877 | D:2      | Reached XP level 3. HP: 32/32 MP: 6/6
   907 | D:1      | Mangled by a gnoll

Skill      XL: |  1 |
---------------+----+-----
Fighting       | 4 |  4.9
Long Blades    | 3 |  3.7
Armour         | 3 |  3.7
Invocations    | 5 |  5.2
Dodging        | |  0.8

Action                   || total
-------------------------++-------
Melee: Falchion          ||    56
Invok: Depart the Abyss  ||     1
  Use: Potion            ||     2
 Stab: Sleeping          ||     1
Armor: Leather armour    ||    15
Dodge: Dodged            ||    43
       Rpst.: Falchion   ||    12
